AoeStats
← 739697286

Arabian Desert

510089646Analyzed
1v1 RM · 4d ago on Sep 29, 2026· 70m 27s· 2 players
Game mode
Random Map
Map size
Tiny (2 player)
Population
200
Speed
Normal
Resources
Standard
Victory
Conquest
Starting age
Dark Age
Ending age
Imperial Age
RankedLock teamsTeams togetherTeam positionsShared explorationLock speedFull tech treeHidden civsTurbo modeCheats
Victory
Defeat
🇦🇷 Chinese · Argentina
1267
+18
🇨🇳 Celts · China
1310
-18
Lechugamer
0:26 Loom
8:54 Feudal Age
9:52 Double-Bit Axe
16:29 Fletching
23:14 Castle Age
22:32 Bloodlines
22:28 Scale Barding Armor
22:24 Padded Archer Armor
23:19 Crossbowman
24:08 Bodkin Arrow
29:48 Horse Collar
30:19 Bow Saw
34:16 Scale Mail Armor
34:27 Forging
35:20 Chain Mail Armor
37:41 Imperial Age
35:50 Wheelbarrow
38:22 Elite Fire Lancer
46:19 Plate Mail Armor
46:25 Iron Casting
49:26 Squires
51:06 Conscription
54:46 Hand Cart
56:06 Iron Casting
58:25 Blast Furnace
57:29 Gold Mining
59:25 Bracer
64:33 Heavy Plow
70:46 Two-Man Saw
739697286
6:18 Loom
9:47 Feudal Age
16:59 Gold Mining
17:43 Fletching
17:54 Padded Archer Armor
24:07 Castle Age
24:04 Forging
23:55 Scale Mail Armor
24:05 Forging
23:55 Scale Mail Armor
24:11 Elite Skirmisher
24:26 Pikeman
25:54 Scale Mail Armor
29:57 Wheelbarrow
30:53 Coinage
45:36 Iron Casting
52:37 Man-at-Arms
53:03 Gambesons
53:35 Long Swordsman
66:11 Chain Mail Armor
Connection lost

Rejoining the realm…

Still unreachable

The connection could not be restored.

Session expired

The server has moved on; the page needs a fresh start.